Map: Curious Minds LE

Players

Liquidthermy (uThermal) - Winner!

  • Race: Terran Terran

Bunny

  • Race: Terran Terran

VOD

Have the link to the VOD?

Description

Time

  • Played on: Oct. 21, 2021, 9:09 a.m.
  • Length: 15:19
Show
View Real Time Build Order
Export as new Build Order

Liquidthermy Terran - Winner!

Build Orders:  

Get SALT Encoding   

  12  0:00  SCV  
  13  0:12  SCV  
  14  0:17  Supply Depot  
  14  0:24  SCV  
  15  0:38  SCV  
  15  0:39  Barracks  
  16  0:43  Refinery  
  16  0:51  SCV  
  16  0:52  Refinery  
  17  1:03  SCV  
  18  1:15  SCV  
  19  1:27  Reaper, Orbital Command  
  19  1:28  Supply Depot  
  20  1:41  Factory  
  20  1:52  SCV  
  21  1:59  Barracks Reactor  
  21  2:05  SCV  
  22  2:17  SCV  
  22  2:22  Command Center  
  23  2:28  Hellion  
  26  2:30  SCV  
  26  2:36  Reaper x2  
  28  2:43  Supply Depot  
  28  2:44  SCV  
  28  2:50  Hellion  
  31  2:59  Starport  
  31  3:04  SCV  
  32  3:08  Reaper x2  
  32  3:12  Hellion  
  36  3:17  SCV  
  37  3:23  Refinery  
  37  3:29  SCV  
  38  3:35  Orbital Command, Factory Tech Lab  
  38  3:38  Starport Tech Lab  
  38  3:39  Marine  
  38  3:40  Marine  
  40  3:42  SCV  
  41  3:55  Cyclone  
  44  3:59  Raven, SCV  
  44  4:02  Marine x2  
  49  4:03  SCV  
  49  4:09  Supply Depot  
  50  4:11  SCV  
  50  4:16  SCV  
  52  4:20  Marine x2  
  54  4:31  Siege Tank, Supply Depot x2, SCV  
  58  4:33  SCV  
  58  4:38  Marine x2  
  61  4:43  SCV  
  62  4:49  SCV  
  62  4:52  Raven  
  61  4:55  Marine  
  61  4:56  SCV  
  61  4:57  Marine  
  66  5:03  Siege Tank, SCV  
  68  5:08  SCV  
  68  5:13  Marine  
  70  5:15  SCV  
  70  5:19  Marine  
  70  5:20  SCV, Command Center  
  71  5:25  Refinery  
  71  5:28  Supply Depot, SCV  
  72  5:35  Siege Tank  
  75  5:39  SCV  
  76  5:49  Viking  
  78  5:50  Viking  
  78  5:52  Supply Depot, SCV  
  78  5:53  SCV  
  78  5:55  Marine  
  83  6:01  Supply Depot  
  83  6:04  SCV  
  83  6:09  SCV  
  85  6:13  Siege Tank  
  85  6:16  SCV  
  89  6:19  Viking  
  89  6:20  Viking  
  93  6:25  SCV  
  93  6:31  SCV  
  85  6:45  Siege Tank, SCV  
  84  6:49  Viking  
  84  6:50  Viking  
  86  6:54  SCV  
  86  6:58  SCV  
  86  6:59  Marine, Barracks  
  86  7:00  Barracks, Stimpack  
  89  7:06  SCV  
  90  7:10  SCV  
  91  7:16  Marine  
  91  7:18  Siege Tank, SCV  
  91  7:19  Viking  
  91  7:20  Viking  
  100  7:25  SCV  
  101  7:30  SCV, Orbital Command  
  101  7:34  Marine  
  103  7:38  SCV  
  103  7:42  Engineering Bay  
  103  7:43  SCV  
  103  7:44  Engineering Bay  
  105  7:47  Barracks Reactor x2  
  105  7:49  Viking  
  105  7:50  Viking, SCV  
  110  7:53  Siege Tank  
  110  7:56  Supply Depot  
  113  8:02  SCV  
  113  8:03  Marine, SCV  
  116  8:06  SCV  
  116  8:11  Terran Infantry Weapons Level 1, Terran Infantry Armor Level 1  
  117  8:14  SCV  
  117  8:15  SCV  
  117  8:18  SCV  
  117  8:21  Marine, Supply Depot x2  
  117  8:24  Liberator  
  117  8:25  Siege Tank  
  117  8:26  Refinery  
  124  8:27  Marine, Refinery  
  125  8:35  Supply Depot  
  125  8:42  Marine x4  
  125  8:43  Combat Shield  
  125  8:44  Supply Depot  
  125  8:45  Marine, Supply Depot  
  130  8:54  Sensor Tower  
  130  9:00  Marine x4  
  134  9:02  Marine  
  134  9:04  Siege Tank  
  134  9:06  Missile Turret  
  138  9:11  Viking x2  
  142  9:18  Marine x4  
  142  9:19  Missile Turret  
  142  9:20  Marine  
  142  9:22  Supply Depot  
  147  9:36  Marine x4  
  147  9:38  Marine, Armory  
  151  9:39  Siege Tank  
  151  9:45  Missile Turret  
  139  9:53  Marine x3  
  139  9:55  Medivac  
  139  9:56  Marine, Medivac  
  130  10:03  Barracks  
  130  10:04  Barracks  
  129  10:10  Factory  
  129  10:11  Marine x3, Siege Tank  
  129  10:12  Missile Turret  
  129  10:14  Marine  
  135  10:15  Barracks Reactor  
  136  10:25  Medivac  
  136  10:26  Medivac, Terran Infantry Weapons Level 2  
  136  10:27  Terran Infantry Armor Level 2, Supply Depot  
  140  10:29  Marine x2  
  140  10:30  Terran Vehicle Weapons Level 1  
  142  10:40  Marine  
  142  10:41  Marine  
  144  10:43  Siege Tank  
  144  10:47  Marine  
  144  10:48  Marine  
  144  10:49  Missile Turret  
  149  10:51  Barracks Reactor x2  
  149  10:53  Marine  
  149  10:54  Marine, Siege Tank  
  153  10:57  Marine  
  153  10:58  Marine  
  155  11:05  Marine  
  155  11:06  Marine  
  155  11:08  Medivac x2  
  160  11:11  Marine  
  160  11:12  Marine  
  160  11:15  Marine, Siege Tank  
  160  11:16  Marine  
  167  11:23  Marine  
  158  11:32  Marine, Siege Tank  
  128  11:33  Marine  
  128  11:34  Marine  
  128  11:36  Marine  
  128  11:39  Marine  
  106  11:40  Marine  
  106  11:41  Medivac x2  
  106  11:42  Marine  
  106  11:44  Marine  
  106  11:45  Command Center  
  106  11:46  Marine  
  113  11:47  Siege Tank  
  113  11:48  SCV  
  113  11:49  Marine x2  
  113  11:53  Marine x2  
  121  11:54  Marine  
  121  11:57  Marine x2  
  121  12:00  Marine  
  125  12:02  Marine  
  125  12:03  SCV x3  
  125  12:04  Siege Tank  
  125  12:05  Marine  
  125  12:07  Marine  
  125  12:08  Marine  
  135  12:10  Marine  
  135  12:11  Marine  
  135  12:13  Marine  
  135  12:15  Marine x2  
  138  12:18  Marine, SCV x2  
  138  12:19  Siege Tank  
  138  12:20  SCV  
  138  12:22  Marine  
  148  12:23  Marine  
  148  12:26  Marine x2  
  151  12:30  Marine  
  151  12:32  Medivac  
  151  12:33  Medivac  
  153  12:37  Marine  
  153  12:38  Marine  
  153  12:42  Marine  
  153  12:43  Marine, Siege Tank  
  131  12:48  Marine x2  
  124  12:52  Marine x2, Siege Tank  
  124  12:57  Marine  
  130  13:08  Marine  
  130  13:11  Marine x4  
  135  13:13  Marine  
  135  13:14  Marine  
  135  13:15  Siege Tank  
  135  13:16  Marine  
  135  13:19  SCV  
  142  13:20  SCV  
  142  13:22  Marine, SCV  
  142  13:24  Siege Tank  
  148  13:27  Marine x2  
  148  13:31  SCV  
  149  13:42  Marine  
  149  13:43  Marine x6  
  149  13:44  Marine  
  149  13:45  Marine  
  149  13:46  Marine  
  130  13:51  Planetary Fortress  
  130  13:59  Siege Tank  
  130  14:00  Marine x2, Siege Tank  
  130  14:01  Marine x2  
  130  14:02  Marine x2  
  142  14:06  Liberator  
  142  14:09  Liberator  
  148  14:12  Marine  
  148  14:13  Marine x2  
  151  14:18  Marine x2  
  151  14:20  Marine  
  151  14:31  Siege Tank  
  151  14:36  Marine x2  
  151  14:38  Marine, Siege Tank  
  150  14:39  Marine x2  
  150  14:42  Marine x2  
  148  14:55  Marine x3  
Show
View Real Time Build Order
Export as new Build Order

Bunny Terran 

Build Orders:  

Get SALT Encoding   

  12  0:00  SCV  
  13  0:12  SCV  
  14  0:17  Supply Depot  
  14  0:24  SCV  
  15  0:39  SCV  
  15  0:41  Barracks  
  16  0:43  Refinery  
  16  0:51  SCV  
  16  0:53  Refinery  
  17  1:03  SCV  
  18  1:15  SCV  
  19  1:28  Orbital Command  
  19  1:29  Reaper  
  19  1:30  Supply Depot  
  20  1:41  Factory  
  20  1:53  SCV  
  21  2:01  Barracks Reactor  
  21  2:05  SCV  
  22  2:17  Command Center  
  22  2:20  SCV  
  23  2:26  Hellion  
  25  2:32  SCV  
  26  2:37  Reaper  
  26  2:38  Reaper  
  26  2:41  Supply Depot  
  28  2:44  SCV  
  28  2:48  Hellion  
  31  3:02  Starport, SCV  
  32  3:10  Reaper x2, Hellion  
  36  3:14  SCV  
  37  3:27  SCV  
  38  3:30  Orbital Command  
  38  3:32  Factory Tech Lab  
  38  3:38  Refinery  
  38  3:39  SCV  
  38  3:40  Starport Tech Lab  
  39  3:41  Marine  
  39  3:42  Marine  
  41  3:51  SCV, Cyclone  
  45  3:55  SCV  
  46  4:03  Marine x2  
  46  4:05  SCV  
  46  4:07  Supply Depot  
  46  4:08  Raven, SCV  
  52  4:17  SCV  
  52  4:20  SCV  
  52  4:21  Refinery  
  54  4:29  Marine x2, Siege Tank  
  59  4:31  Supply Depot  
  59  4:32  SCV  
  59  4:33  SCV  
  61  4:44  SCV  
  62  4:49  Marine x2  
  62  4:53  SCV  
  62  4:55  Raven  
  62  4:59  SCV  
  63  5:02  Siege Tank  
  63  5:05  SCV  
  63  5:06  Marine x2  
  69  5:10  Supply Depot  
  69  5:11  SCV  
  67  5:17  SCV  
  68  5:24  Marine, SCV  
  68  5:27  Command Center  
  70  5:30  Supply Depot  
  70  5:32  Supply Depot, SCV  
  72  5:36  SCV  
  72  5:39  Siege Tank  
  76  5:44  SCV  
  76  5:48  Viking  
  78  5:51  Stimpack  
  78  5:52  Viking  
  78  5:54  Marine  
  78  5:56  Supply Depot  
  81  5:58  SCV x2  
  81  6:02  Supply Depot  
  83  6:11  Siege Tank  
  84  6:18  Viking  
  84  6:22  Viking  
  83  6:34  Marine  
  71  6:43  Siege Tank  
  64  6:48  Viking  
  64  6:50  Orbital Command  
  64  6:52  Marine, Viking, Barracks  
  64  6:53  Barracks  
  63  6:56  SCV x2  
  65  7:01  Engineering Bay  
  65  7:03  Engineering Bay  
  65  7:10  Marine  
  65  7:15  Siege Tank  
  69  7:16  Barracks  
  69  7:17  Barracks  
  73  7:33  Marine  
  70  7:41  Marine x2  
  72  7:46  Terran Infantry Weapons Level 1, Terran Infantry Armor Level 1  
  72  7:49  Siege Tank  
  72  7:51  Marine, SCV x2  
  75  7:52  Starport Reactor  
  78  8:05  Barracks Reactor x2  
  78  8:06  Barracks Reactor, Combat Shield  
  78  8:09  Marine  
  78  8:17  Barracks Reactor  
  78  8:21  Siege Tank  
  78  8:26  Marine  
  81  8:28  Supply Depot  
  81  8:29  Supply Depot  
  81  8:33  Barracks  
  82  8:35  Barracks, SCV x2  
  82  8:37  Barracks  
  82  8:38  Medivac  
  82  8:39  Medivac, Orbital Command  
  87  8:44  Marine  
  84  8:50  Marine x6  
  84  8:52  Command Center  
  84  8:53  Siege Tank  
  93  8:58  Supply Depot  
  93  9:01  Marine  
  93  9:02  Marine x2  
  96  9:08  Marine x3, Medivac  
  96  9:09  Medivac  
  103  9:20  Marine  
  103  9:23  Marine x7  
  111  9:25  Marine  
  112  9:35  Marine x3  
  112  9:36  Marine  
  112  9:38  Marine, Medivac  
  108  9:41  Marine x5  
  98  9:57  SCV  
  98  9:58  SCV, Orbital Command  
  98  9:59  Medivac  
  94  10:00  Marine  
  94  10:01  Marine x2  
  97  10:08  Medivac  
  97  10:09  SCV  
  97  10:10  SCV  
  101  10:14  Siege Tank  
  101  10:20  Marine x3  
  107  10:23  Marine  
  107  10:26  Marine  
  109  10:31  Planetary Fortress  
  109  10:37  Marine x5  
  109  10:40  SCV  
  109  10:41  SCV  
  116  10:44  SCV  
  116  10:48  Siege Tank  
  120  10:50  Marine x5  
  120  10:54  Marine  
  120  10:55  Marine x3  
  129  10:57  Marine x2  
  129  10:58  Marine  
  132  11:06  Medivac x2  
  132  11:07  Marine x2  
  132  11:08  Marine  
  139  11:16  Marine x8  
  128  11:27  Marine x5  
  104  11:33  Marine  
  104  11:34  Marine x6  
  104  11:36  Medivac x2  
  104  11:38  Siege Tank  
  98  11:40  SCV x2  
  98  11:43  Marine  
  98  11:45  Marine x2  
  103  11:47  SCV  
  103  11:49  SCV  
  103  11:52  SCV  
  103  11:53  Marine, Armory  
  103  11:54  Marine  
  108  11:57  Marine x2  
  110  12:04  Marine  
  110  12:05  Marine x5  
  116  12:08  Marine x3  
  116  12:13  Siege Tank  
  122  12:18  Medivac  
  122  12:19  Medivac  
  126  12:23  Marine  
  126  12:24  Marine x3  
  126  12:26  Marine  
  126  12:27  Marine x2  
  126  12:29  Marine  
  124  12:43  Marine x9  
  123  12:44  Marine x2  
  123  12:48  Medivac  
  109  12:52  Marine x2, Siege Tank  
  114  13:01  Marine x2  
  114  13:03  Terran Infantry Weapons Level 2  
  114  13:05  Marine x7  
  115  13:08  Marine  
  115  13:09  Marine  
  115  13:10  Marine x2  
  121  13:18  Marine  
  121  13:19  Marine  
  122  13:20  Sensor Tower  
  122  13:23  Marine x3  
  125  13:29  Refinery  
  124  13:34  Siege Tank  
  124  13:36  Marine x5  
  126  13:45  Marine x6  
  103  13:52  Viking  
  103  13:54  Refinery  
  101  13:55  Refinery  
  101  13:56  Viking  
  101  13:59  Marine x3  
  106  14:04  Refinery  
  106  14:05  Refinery  
  106  14:08  Siege Tank  
  109  14:10  Marine x2  
  111  14:18  Marine x6  
  117  14:31  Viking x2  
  115  14:40  Marine x5, Siege Tank  
  115  14:43  Marine  
  115  14:44  Marine  
  125  14:51  Marine x5  
  105  14:54  Marine  
  105  14:58  Marine  
Tags
 
Add a new tag
Caveats
  • Supply blocks, unpowered buildings, or Contaminate may cause inaccurate times.
  • Supply counts are checked every 10 seconds.